 Dungeon Crawl Stone Soup version 0.19-a0-488-gf8766cc (webtiles) character file.

35 Delvonshi the Magician (level 3, -1/21 HPs)
             Began as a High Elf Wizard on June 5, 2016.
             Slain by Natasha (4 damage)
             ... on level 2 of the Dungeon.
             The game lasted 00:02:16 (942 turns).

Delvonshi the Magician (High Elf Wizard)             Turns: 942, Time: 00:02:17

Health: -1/21      AC:  2    Str:  6    XL:     3   Next: 17%
Magic:  3/9        EV: 12    Int: 23    God:
Gold:   74         SH:  0    Dex: 13    Spells: 2 memorised, 7 levels left

rFire  + . .     SeeInvis .     h - +0 dagger
rCold  . . .     Gourm    .     a - +0 robe
rNeg   . . .     Faith    .     (no shield)
rPois  .         Spirit   .     b - +0 hat
rElec  .         Dismiss  .     (no cloak)
rCorr  .         Reflect  .     (no gloves)
SustAt .         Harm     .     (no boots)
MR     .....                    (no amulet)
Stlth  ++........               (no ring)
                                j - ring of protection from fire

@: slowed, very slow, not resistant to hostile enchantments, unstealthy
A: no striking features
a: no special abilities


You were on level 2 of the Dungeon.
You were not hungry.

You visited 1 branch of the dungeon, and saw 2 of its levels.

You collected 74 gold pieces.

Inventory:

Hand Weapons
 h - a +0 dagger (weapon)
Armour
 a - a +0 robe (worn)
 b - a +0 hat (worn)
Jewellery
 j - a ring of protection from fire (left hand)
Scrolls
 e - a scroll of teleportation {unknown}
 l - a scroll of remove curse {unknown}
 m - a scroll of random uselessness {unknown}
 o - a scroll of recharging {unknown}
Potions
 i - 2 potions of resistance {unknown}
 k - 2 potions of curing {unknown}
Books
 c - a book of Minor Magic

   Spells                             Type                      Level
   a - Magic Dart                     Conjuration                  1
   b - Blink                          Translocation                2
   c - Call Imp                       Summoning                    2
   d - Repel Missiles                 Charms/Air                   2
   e - Slow                           Hexes                        2
   f - Conjure Flame                  Conjuration/Fire             3
   g - Mephitic Cloud                 Conjuration/Poison/Air       3
Comestibles
 d - 2 bread rations
 f - 2 fruits
 g - a slice of pizza
 n - 3 chunks of flesh
 p - a beef jerky


   Skills:
 - Level 2.1 Dodging
 - Level 2.1 Stealth
 + Level 4.2 Spellcasting
 + Level 2.6 Conjurations
 - Level 0.8 Summonings
   Level 1.1 Translocations


You had 7 spell levels left.
You knew the following spells:

 Your Spells              Type           Power        Failure   Level  Hunger
a - Magic Dart            Conj           ###.         3%          1    None
b - Call Imp              Summ           #.......     14%         2    #......


Dungeon Overview and Level Annotations

Branches:
Dungeon (2/15)

Altars:
Vehumet

Annotations:
D:2 Natasha


Message History

Casting: Magic Dart
Confirm with . or Enter, or press ? or * to list all spells.
Aiming: Magic Dart
Press: ? - help, Shift-Dir - straight line, f/p - Natasha
Aim: Natasha (severely wounded)
The magic dart hits Natasha.
Natasha is severely wounded.
Natasha misses you.
Natasha stares at you and mumbles some strange words.
The magic dart hits you!
* * * LOW HITPOINT WARNING * * *
Casting: Magic Dart
Confirm with . or Enter, or press ? or * to list all spells.
Aiming: Magic Dart
Press: ? - help, Shift-Dir - straight line, f/p - Natasha
Aim: Natasha (severely wounded)
The magic dart hits Natasha.
Natasha is almost dead.
Natasha claws you.
You die...

#. #. #.
#. ###.##
....# #..#
## ##@#
.#...#h.#
..._....#
.#...#...#
##.###....
# #..
..#### .
... .?# #
.# #.##
##### # #+


You could see Natasha.

Vanquished Creatures
  An adder (D:2)
  A dart slug (D:1)
  A giant gecko (D:1)
  2 giant cockroaches (D:1)
  A goblin (D:1)
  4 hobgoblins
  A kobold (D:1)
  5 bats (D:1)
  A giant newt (D:1)
  5 rats
22 creatures vanquished.

Notes
Turn   | Place    | Note
--------------------------------------------------------------
     0 | D:1      | Delvonshi the High Elf Wizard began the quest for the Orb.
     0 | D:1      | Reached XP level 1. HP: 11/11 MP: 6/6
   329 | D:1      | Reached XP level 2. HP: 16/17 MP: 0/7
   536 | D:1      | Reached skill level 4 in Spellcasting
   864 | D:2      | Reached XP level 3. HP: 21/21 MP: 4/9
   910 | D:2      | Learned a level 2 spell: Call Imp
   934 | D:2      | Found a radiant altar of Vehumet.
   934 | D:2      | Noticed Natasha
   942 | D:2      | Slain by Natasha

Vault maps used:
D:1:      dpeg_arrival_orchard
D:2:      vehumet_crystals, eino_tiny_chamber, serial_park_tiny_1,
          minmay_misc_feat_plants, uniq_terence, uniq_natasha

Skill      XL: |  1  2 |
---------------+-------+-----
Conjurations   | 2 |  2.6
Spellcasting   | 4 |  4.2
Dodging        | |  2.1
Stealth        | |  2.1
Summonings     | |  0.8
Translocations | |  1.1

Action                   || total
-------------------------++-------
Melee: Dagger            ||    21
 Cast: Magic Dart        ||    53
Armor: Robe              ||     6
Dodge: Dodged            ||    19
